 Dungeon Crawl Stone Soup version 0.26.1-11-gd32895ea62 (webtiles) character file.

Game seed: 15642570487932676238

71 Zeld the Twirler (level 4, 0/29 HPs)
             Began as an Octopode Gladiator on May 22, 2021.
             Slain by a worm (8 damage)
             ... on level 2 of the Dungeon.
             The game lasted 00:02:14 (2075 turns).

Zeld the Twirler (Octopode Gladiator)               Turns: 2075, Time: 00:02:14

Health: 0/29       AC:  1    Str: 14    XL:     4   Next: 24%
Magic:  4/4        EV: 14    Int: 10    God:
Gold:   134        SH:  0    Dex: 13    Spells: 3/3 levels left

rFire    . . .     SeeInvis .   a - +0 quarterstaff
rCold    . . .     Faith    .   (shield currently unavailable)
rNeg     . . .     Spirit   .   b - +0 hat
rPois    .         Reflect  .   (no amulet)
rElec    .         Harm     .   (no ring)
rCorr    .         Rampage  .   (no ring)
Will     .....                  (no ring)
Stlth    ++........             (no ring)
HPRegen  0.09/turn              (no ring)
MPRegen  0.09/turn              (no ring)
                                (no ring)
                                (no ring)

@: no status effects
A: almost no armour, stealthy swim, amphibious, 8 rings, constrict 8, camouflage
1, gelatinous body 1
a: no special abilities


You were on level 2 of the Dungeon.
You visited 1 branch of the dungeon, and saw 2 of its levels.

You collected 134 gold pieces.

Inventory:

Hand Weapons
 a - a +0 quarterstaff (weapon)
Missiles
 c - 3 throwing nets (quivered)
Armour
 b - a +0 hat (worn)
Jewellery
 m - an uncursed ring of willpower {unknown}
Scrolls
 d - 2 scrolls of fear {unknown}
 f - a scroll of random uselessness {unknown}
 g - a scroll of identify {unknown}
 h - 4 scrolls of remove curse {unknown}
 k - a scroll of amnesia {unknown}
 l - a scroll of teleportation {unknown}
 n - a scroll of enchant armour {unknown}
Potions
 e - 2 potions of lignification {unknown}
 i - 2 potions of curing {unknown}
 j - a potion of haste {unknown}
 o - a potion of attraction {unknown}


   Skills:
 - Level 2.0 Fighting
 * Level 5.0 Staves
 - Level 2.0 Throwing
 - Level 3.0 Dodging


You had 3 spell levels left.
You didn't know any spells.
Your spell library was empty.

Dungeon Overview and Level Annotations

Branches:
Dungeon (2/15)

Altars:


Innate Abilities, Weirdness & Mutations

You cannot wear most types of armour.
You are very stealthy in the water. (Stealth+)
You are amphibious.
You can wear up to eight rings at the same time.
You can use your tentacles to constrict eight enemies at once.
Your skin changes colour to match your surroundings (Stealth+).
Your rubbery body absorbs attacks. (AC +1, EV +1)


Message History

You constrict the worm. The worm bites you!
You completely miss the worm.
The worm is heavily wounded.
You constrict the worm.
A worm is nearby!
You hit the worm. Your squeeze misses the worm.
The worm is severely wounded.
You constrict the worm. The worm bites you!
* * * LOW HITPOINT WARNING * * *
You are too injured to fight recklessly!
A worm is nearby!
A worm is nearby!
You are too injured to fight recklessly!
A worm is nearby!
You are too injured to fight recklessly!
You are too injured to fight recklessly!
You hit the worm but do no damage.
The worm is almost dead.
You constrict the worm. The worm bites you!
You die...

.....>.................'..)......
#####.##.###.##........#.........
#........#.##.#####..#####.....
#.#.##.#.#.##.# #............
#.#....#.#.##.# #.........###
###......#.##.# #.........# #
########.##.# #.........# #
.....#'##+### #..)......# #
#......@w# #.†####...###
............'..... +...'..
#####.......###'## #...###
......#+### .. ...# #####.# ...
### #.# #... #.. #.. ...


You could see a worm.

Vanquished Creatures
  2 adders (D:2)
  2 dart slugs (D:1)
  A leopard gecko (D:2)
  4 bats
  A giant cockroach (D:2)
  5 goblins (D:1)
  4 hobgoblins
  7 jackals (D:1)
  8 kobolds
  2 ball pythons (D:1)
  8 frilled lizards
  3 rats
47 creatures vanquished.

Notes
Turn   | Place    | Note
-------+----------+-------------------------------------------
     0 | D:1      | Zeld the Octopode Gladiator began the quest for the Orb.
     0 | D:1      | Reached XP level 1. HP: 14/14 MP: 1/1
    44 | D:1      | Reached XP level 2. HP: 13/19 MP: 2/2
   339 | D:1      | Reached skill level 4 in Staves
   434 | D:1      | Reached XP level 3. HP: 17/24 MP: 3/3
  1297 | D:2      | Reached XP level 4. HP: 22/29 MP: 4/4
  1895 | D:2      | Reached skill level 5 in Staves
  2075 | D:2      | Slain by a worm

Illustrated notes

Levels and vault maps discovered:
D:1:      dpeg_arrival_pits, layout_rooms
D:2:      layout_basic, tso_altar

Skill      XL: |  1  2  3  4 |
---------------+-------------+-----
Staves         | 4 5 |  5.0
Fighting       | |  2.0
Throwing       | |  2.0
Dodging        | |  3.0

Action                   |  1- 3 |  4- 6 || total
-------------------------+-------+-------++-------
Melee: Quarterstaff      |    77 |    14 ||    91
       Constrict         |    19 |     4 ||    23
       Tentacles         |    13 |     4 ||    17
 Stab: Sleeping          |     4 |       ||     4
Armor: Skin              |     3 |       ||     3
Dodge: Dodged            |    84 |     6 ||    90
